 Dungeon Crawl Stone Soup version 0.27-a0-797-g27d10ad80f (webtiles) character file.

Game seed: 6643662277647856718

198 rageheart7 the Grave Robber (level 5, -4/40 HPs)
             Began as a Demonspawn Wanderer on Mar 28, 2021.
             Slain by an orc
             ... wielding a +0 mace
              (7 damage)
             ... on level 4 of the Dungeon.
             The game lasted 00:05:07 (3209 turns).

rageheart7 the Grave Robber (Demonspawn Wanderer)   Turns: 3209, Time: 00:05:08

Health: -4/40      AC:  3    Str: 12    XL:     5   Next: 47%
Magic:  9/9        EV: 11    Int: 22    God:
Gold:   72         SH:  0    Dex: 11    Spells: 3/9 levels left

rFire    . . .     SeeInvis .   b - +3 short sword (speed)
rCold    . . .     Faith    .   (no shield)
rNeg     + . .     Spirit   .   d - +0 robe
rPois    .         Reflect  .   (no helmet)
rElec    .         Harm     .   (no cloak)
rCorr    .         Rampage  .   (no gloves)
Will     .....                  (no boots)
Stlth    +.........             (no amulet)
HPRegen  0.13/turn              g - ring of positive energy
MPRegen  0.11/turn              f - +6 ring of intelligence

@: studying Fighting
A: claws 1, rugged brown scales 1, foul stench 1, powered by pain 1
a: no special abilities


You were on level 4 of the Dungeon.
You visited 1 branch of the dungeon, and saw 4 of its levels.

You collected 72 gold pieces.

Inventory:

Hand Weapons
 a - a +2 hand axe
 b - a +3 short sword of speed (weapon)
 c - a +0 quarterstaff
Armour
 d - a +0 robe (worn)
Jewellery
 f - a +6 ring of intelligence (right claw)
 g - a ring of positive energy (left claw)
Scrolls
 e - a scroll of enchant weapon
Potions
 h - a potion of haste {unknown}
 i - a potion of degeneration {unknown}
 k - a potion of heal wounds {unknown}
 m - a potion of curing {unknown}


   Skills:
 * Level 2.5 Fighting
 - Level 2.9 Axes
 - Level 1.0 Shields
 * Level 2.9 Spellcasting
 * Level 3.4 Necromancy
 - Level 2.6 Earth Magic
 - Level 1.0 Evocations


You had 3 spell levels left.
You knew the following spells:

 Your Spells              Type           Power      Damage    Failure   Level
a - Animate Skeleton      Necr           36%        N/A       3%          1
b - Vampiric Draining     Necr           9%         2d7       9%          3
c - Sublimation of Blood  Necr           9%         N/A       4%          2

Your spell library contained the following spells:

 Spells                   Type           Power      Damage    Failure   Level
 Corpse Rot               Necr/Air       N/A        N/A       10%         2
 Confusing Touch          Hex            3%         N/A       36%         3
 Gell's Gravitas          Tloc           1%         N/A       36%         3
 Petrify                  Tmut/Erth      9%         N/A       56%         4
 Metabolic Englaciation   Hex/Ice        1%         N/A       98%         5
 Yara's Violent Unravell  Hex/Tmut       1%         3d3       98%         5


Dungeon Overview and Level Annotations

Branches:
Dungeon (4/15)
 Temple: D:4-7

Altars:


Innate Abilities, Weirdness & Mutations

You have sharp fingernails.
You are partially covered in rugged brown scales. (AC +1, +3% HP)
You may rarely emit foul miasma when damaged in melee.
You sometimes gain a little power by taking damage.


Message History

The kobold shouts!
You hit the jackal skeleton.
The jackal skeleton is almost destroyed.
The jackal skeleton bites you but does no damage.
You barely miss the jackal skeleton.
The jackal skeleton is almost destroyed.
The jackal skeleton closely misses you.
You hit the jackal skeleton.
You destroy the jackal skeleton!
You see here a +0 ring mail.
A hobgoblin comes into view.
A ball python comes into view.
The hobgoblin moves out of view.
The ball python hisses angrily.
The hobgoblin shouts!
You hear a loud, deep croak!
You hear an angry hiss.
You hear a shout!
A bullfrog comes into view.
An adder comes into view.
You see here a manual of Fighting.
You pick up a manual of Fighting and begin studying.
The bullfrog gives a loud, deep croak!
The hobgoblin closely misses you.
The orc warrior hits you from afar with a +0 trident.
* * * LOW HITPOINT WARNING * * *
An ogre comes into view. It is wielding a +0 giant club.
The ogre shouts!
The ogre misses you.
Found 23 gold pieces.
Found a conspicuous book.
Found a stone staircase leading down.
Found an agate ring.
Found a stone staircase leading up.
An orc comes into view. It is wielding a +0 mace.
The orc shouts!
You hear a shout! x2
An orc wizard comes into view. It is wielding a +0 dagger of flaming.
An orc comes into view. It is wielding a +1 dagger of speed.
An orc and an orc wizard come into view.
The orc wizard shouts!
The orc shouts!
The orc wizard gestures at you while chanting.
The puff of flame hits you!
* * * LOW HITPOINT WARNING * * *
Found 13 gold pieces.
The orc closely misses you. The orc hits you with a +0 mace!
You die...

.#.#K#.#,....,,,,* *,* *,*
#o###l###..##*##.###'###* *,*
.#.#.#o#.#..###.........* *,*
###^###..#.....>.$......* *,*
.#...#..O#..............* *,*
..###.###F..#*#.o.......* *,*
#.........### #...oo....* *,*
..#.....#O#####.o.......* *,*
#.#.........SS.g@o......* *,*
*.#...........F.........*******,*
,................###.#..,,,,,,,,*
,.#.##...........# *,#,**********
,.#.*#..:......=.#**,*,*
,,*,*#########....#*,*,* ,,*,*
**#....#*,*,* ,,*,*
******,......,,*,* ,,*,*
*,,,,,,,,,,,****,*******


You could see an ogre, a bullfrog, 2 orc wizards, an adder, 3 orcs, a hobgoblin
and a ball python.

Vanquished Creatures
  A killer bee (D:4)
  A hound (D:4)
  A hound zombie (D:4)
  3 adders
  2 worms
  3 dart slugs
  3 orcs (D:3)
  6 endoplasms
  5 giant cockroaches
  4 goblins
  9 hobgoblins
  5 jackals
  7 kobolds
  A quokka (D:4)
  4 ball pythons
  6 bats
  3 frilled lizards
  A jackal skeleton (D:4)
  A rat (D:1)
66 creatures vanquished.

Vanquished Creatures (collateral kills)
  An endoplasm (D:1)
1 creature vanquished.

Grand Total: 67 creatures vanquished

Notes
Turn   | Place    | Note
-------+----------+-------------------------------------------
     0 | D:1      | rageheart7 the Demonspawn Wanderer began the quest for the
                  | Orb.
     0 | D:1      | rageheart7 set off with the following items: a +2 hand axe,
                  | a +0 robe; and the following spell memorised: Animate
                  | Skeleton; and the following spells available to memorise:
                  | Sublimation of Blood, Corpse Rot, Vampiric Draining
     0 | D:1      | Reached XP level 1. HP: 13/13 MP: 2/2
   360 | D:1      | Gained mutation: You may rarely emit foul miasma when
                  | damaged in melee. [demonic ancestry]
   360 | D:1      | Reached XP level 2. HP: 16/19 MP: 1/3
   962 | D:1      | Reached skill level 2 in Necromancy
  1144 | D:1      | Gained mutation: You are partially covered in rugged brown
                  | scales. (AC +1, +3% HP) [demonic ancestry]
  1144 | D:1      | Reached XP level 3. HP: 20/25 MP: 5/5
  1253 | D:2      | Reached skill level 1 in Fighting
  2198 | D:3      | Learned a level 3 spell: Vampiric Draining
  2382 | D:3      | Gained mutation: You sometimes gain a little power by
                  | taking damage. [demonic ancestry]
  2382 | D:3      | Reached XP level 4. HP: 32/32 MP: 7/7
  3030 | D:3      | Learned a level 2 spell: Sublimation of Blood
  3127 | D:4      | Reached skill level 3 in Necromancy
  3139 | D:4      | Gained mutation: You have sharp fingernails. [demonic
                  | ancestry]
  3139 | D:4      | Reached XP level 5. HP: 29/40 MP: 4/9
  3183 | D:4      | Noticed an orc warrior
  3198 | D:4      | Noticed an ogre
  3207 | D:4      | HP: 2/40 [orc wizard/puff of flame (9)]
  3209 | D:4      | Slain by an orc

Illustrated notes

Levels and vault maps discovered:
D:1:      lemuel_arrival_room, layout_loops_ring
D:2:      layout_loops_ring, minmay_split_cup_large
D:3:      layout_basic, hangedman_decor_peaks_small, minmay_strange_pillars,
          minmay_misc_feat_diagonals
D:4:      layout_basic, gup_ossuary_entry_pyramid, hangedman_decor_slide_cut,
          minmay_manual_mail

Skill      XL: |  1  2  3  4 |
---------------+-------------+-----
Necromancy     | 2 3 |  3.4
Fighting       | 1 2 |  2.5
Spellcasting   | 2 |  2.9
Axes           | |  2.9
Shields        | |  1.0
Earth Magic    | |  2.6
Evocations     | |  1.0

Action                   |  1- 3 |  4- 6 || total
-------------------------+-------+-------++-------
Melee: Hand axe          |    31 |       ||    31
       Short sword       |    96 |   104 ||   200
 Cast: Animate Skeleton  |     3 |     4 ||     7
       Vampiric Draining |       |     1 ||     1
  Use: Scroll            |     2 |     4 ||     6
       Potion            |     1 |       ||     1
 Stab: Invisible         |     2 |       ||     2
       Distracted        |       |     1 ||     1
Armor: Robe              |    27 |    28 ||    55
Dodge: Dodged            |    72 |    66 ||   138

Table legend: (Time is in decaauts)
 A = Elapsed time spent in this place.
 B = Non-inter-level travel time spent in this place.
 C = Inter-level travel time spent in this place.
 D = Time resting spent in this place.
 E = Time spent auto-exploring this place.
 F = Levels seen in this place.
 G = Mean time per level.
                   A        B        C        D        E       F      G
               +--------+--------+--------+--------+--------+-----+--------+
         Total |   3153 |   3085 |     68 |      0 |   2580 |   4 |  788.2 |
       Dungeon |   3153 |   3085 |     68 |      0 |   2580 |   4 |  788.2 |
               +--------+--------+--------+--------+--------+-----+--------+

Top non-repeatable levels by time:
     D:1: 1229 daAuts
     D:2: 944 daAuts
     D:3: 842 daAuts
     D:4: 137 daAuts
